 Dungeon Crawl Stone Soup version 0.17.1-3-g152610e (webtiles) character file.

237 Peloso the Covered (level 5, -2/47 HPs)
             Began as a Minotaur Fighter on Feb 21, 2016.
             Slain by an orc
             ... wielding a +0 morningstar
              (7 damage)
             ... on level 3 of the Dungeon.
             The game lasted 00:08:29 (2287 turns).

Peloso the Covered (Minotaur Fighter)               Turns: 2287, Time: 00:08:29

Health: -2/47      AC:  7    Str: 20    XL:     5   Next: 77%
Magic:  4/4        EV:  8    Int:  7    God:
Gold:   91         SH:  9    Dex: 11    Spells: 0 memorised, 4 levels left

rFire  . . .     SeeInvis .     a - +0 long sword
rCold  . . .     Clarity  .     b - +0 scale mail
rNeg   . . .     SustAt   .     c - +0 shield
rPois  .         Gourm    .     (helmet restricted)
rElec  .         Spirit   .     (no cloak)
rCorr  .         Warding  .     (no gloves)
rMut   +         Stasis   .     (no boots)
MR     .....                    q - amulet of resist mutation
Stlth  ..........               (no ring)
                                s - ring of invisibility

@: not resistant to hostile enchantments, extremely unstealthy
A: retaliatory headbutt, horns 2, clever 1
a: Evoke Invisibility


You were on level 3 of the Dungeon.
You were not hungry.

You visited 1 branch of the dungeon, and saw 3 of its levels.

You collected 91 gold pieces.

Inventory:

Hand Weapons
 a - a +0 long sword (weapon)
Armour
 b - a +0 scale mail (worn)
 c - a +0 shield (worn)
Jewellery
 q - an amulet of resist mutation (around neck)
 s - a ring of invisibility (left hand)
Wands
 u - a wand of fire (12)
Scrolls
 g - a scroll of remove curse {unknown}
 i - a scroll of fog {unknown}
 l - a scroll of fear {unknown}
 o - 4 scrolls of identify {unknown}
 r - a scroll of teleportation {unknown}
Potions
 d - a potion of might
 h - a potion of curing {unknown}
 k - a potion of lignification {unknown}
 n - a potion of heal wounds {unknown}
 p - a potion of flight {unknown}
Comestibles
 e - a bread ration
 j - a meat ration
 m - a beef jerky
 t - a chunk of flesh


   Skills:
 + Level 4.8 Fighting
 + Level 3.2 Long Blades
 + Level 4.8 Armour
 + Level 2.8 Dodging
 + Level 0.1 Stealth
 + Level 4.8 Shields


You had 4 spell levels left.
You didn't know any spells.

Dungeon Overview and Level Annotations

Branches:
Dungeon (3/15)

Altars:
Fedhas
Nemelex Xobeh


Innate Abilities, Weirdness & Mutations

You reflexively headbutt those who attack you in melee.
You have a pair of horns on your head.
Your mind is acute. (Int +2)


Message History

You block the orc's attack.
You barely miss the orc wizard.
The orc wizard is moderately wounded.
The orc wizard hits you with a dagger of protection.
* * * LOW HITPOINT WARNING * * *
The orc hits you but does no damage.
Your shield and scale mail prevent you from hitting the orc wizard.
The orc wizard is moderately wounded.
The orc wizard gestures at you while chanting.
You resist with some effort. The orc hits you with a morningstar.
* * * LOW HITPOINT WARNING * * *
The orc wizard casts a spell at you. You resist with some effort.
Drink which item? (? for menu, Esc to quit)
Okay, then.
Drink which item? (? for menu, Esc to quit)
It was a potion of mutation.
You feel extremely strange.
You feel clever. You block the orc wizard's attack.
The orc hits you with a morningstar!
You die...

+.....>....# #...
#..........#
#...##+##..........#
#.................)#
#.................)####
#......................
#......................
#.....)o..####...#.....
#@#######.###.....
#.o)...)..# #.....
########### #.....
###... ... ..#


You could see an orc wizard and an orc.

Vanquished Creatures
  Ijyb (D:2)
  3 orc wizards (D:3)
  4 adders (D:2)
  2 gnolls (D:1)
  An ooze (D:3)
  A worm (D:3)
  A giant gecko (D:2)
  6 bats
  4 giant cockroaches
  13 goblins
  7 hobgoblins
  13 jackals
  2 ball pythons
  5 giant newts
  6 kobolds
  6 rats
75 creatures vanquished.

Notes
Turn   | Place    | Note
--------------------------------------------------------------
     0 | D:1      | Peloso the Minotaur Fighter began the quest for the Orb.
     0 | D:1      | Reached XP level 1. HP: 19/19 MP: 0/0
   102 | D:1      | Reached skill level 4 in Fighting
   102 | D:1      | Reached XP level 2. HP: 18/27 MP: 1/1
   508 | D:1      | Reached XP level 3. HP: 18/33 MP: 2/2
  1013 | D:2      | Found a sparkling altar of Nemelex Xobeh.
  1016 | D:2      | Reached skill level 1 in Dodging
  1165 | D:2      | Reached XP level 4. HP: 40/40 MP: 3/3
  1206 | D:2      | Found a faded altar to an unknown god.
  1244 | D:2      | Found a blossoming altar of Fedhas.
  1752 | D:2      | Noticed Ijyb
  1771 | D:2      | Killed Ijyb
  1771 | D:2      | Reached XP level 5. HP: 37/47 MP: 4/4
  2287 | D:3      | Gained mutation: Your mind is acute. (Int +2) [potion of mutation]
  2287 | D:3      | Slain by an orc

Action                   |  1- 3 |  4- 6 || total
-------------------------+-------+-------++-------
Melee: Long sword        |    91 |   127 ||   218
  Use: Potion            |       |     1 ||     1
  Eat: Chunk             |     1 |     4 ||     5
